 Dungeon Crawl Stone Soup version 0.31-a0-198-g2ad674f65e (webtiles) character file.

Game seed: 11239712038530861685

65 qw the Shooter (level 3, 0/20 HPs)
             Began as a Deep Elf Hunter on June 25, 2023.
             Succumbed to their own poison gas
             ... on level 2 of the Dungeon.
             The game lasted 00:00:35 (1370 turns).

qw the Shooter (Deep Elf Hunter)                    Turns: 1370, Time: 00:00:36

Health: 0/20       AC: 10    Str: 10    XL:     3   Next: 94%
Magic:  5/5        EV: 11    Int: 13    God:
Gold:   75         SH:  0    Dex: 18    Spells: 2/2 levels left

rFire   . . .        a - +0 orcbow (drain)
rCold   . . .        (shield currently unavailable)
rNeg    . . .        f - +0 ring mail
rPois   .            g - +2 helmet
rElec   .            e - +1 cloak
rCorr   .            (no gloves)
SInv    .            (no boots)
Will    .....        (no amulet)
Stlth   +            (no ring)
HPRegen 0.23/turn    (no ring)
MPRegen 0.09/turn

%: no passive effects
@: lethally poisoned (0 -> -7)
A: no striking features
a: no special abilities


You were on level 2 of the Dungeon.
You visited 1 branch of the dungeon, and saw 2 of its levels.

You collected 75 gold pieces.


   Skills:
 - Level 1.5 Fighting
 + Level 7.4 Ranged Weapons
 - Level 2.4 Dodging
 - Level 1.2 Stealth


You had 2 spell levels left.
You didn't know any spells.
Your spell library was empty.

Inventory:

Hand Weapons
 a - a +0 orcbow of draining (weapon)
Armour
 e - a +1 cloak (worn)
 f - a +0 ring mail (worn)
 g - a +2 helmet (worn)
Jewellery
 h - a ring of fire
Scrolls
 j - a scroll of identify
 l - a scroll of teleportation
Potions
 c - a potion of degeneration {unknown}
 i - a potion of curing {unknown}
 k - a potion of haste

Dungeon Overview and Level Annotations

Branches:
Dungeon (2/15)

Altars:


Message History

Enter note: Done exploring.
1362 ||| READING scroll labelled YKIMOPN RULE.
The air fills with toxic fumes!
As you read the scroll labelled YKIMOPN RULE, it crumbles to dust.
It was a scroll of poison.
Done exploring.
1363 ||| READING scroll labelled TYJ POMACE.
This is a scroll of acquirement!
1363 ||| ACQUIRING +0 orcbow of draining Something appears at your feet!
a - a +0 orcbow of draining
1365 ||| SWAPPING to +0 orcbow of draining.
You sense an unholy aura.
a - a +0 orcbow of draining (weapon)
1366 ||| DROPPING +0 shortbow.
You drop a +0 shortbow.
Done exploring.
(D) Dungeon
Where to? (* - list waypoints, Enter - D:2, ? - help)
What level of the Dungeon? (default 1, ? - help) Sorry, I don't know how to get there.
Enter note:
Enter note:
Enter note:
Enter note:
Enter note:
Enter note:
Enter note:
Enter note:
Enter note: Really walk into that cloud of poison gas?
You are engulfed in poison gas.
You are poisoned.
You feel very sick.
1368 ||| Stepping ~*~*~tactically~*~*~ (cloud).
You feel very sick.
You see here a +0 shortbow.
There is a lethal amount of poison in your body!
You feel very sick.
There is a lethal amount of poison in your body!
You die...

#.#####.
###########.##....
#¤......#...##.##.
#¤####.........##.
#¤####..#.........
#¤##....##########
#¤##.##.# #
#0##0##0# ###
#@¤00000# #####.<
####0#### #......
#.# #...... #.#
#...... #.#
#...... #.##
#...... #..#
#...... ##.#
####### ####.####


There were no monsters in sight!

Vanquished Creatures
  An adder (D:2)
  4 dart slugs
  7 endoplasms
  A giant cockroach (D:1)
  4 hobgoblins
  6 jackals
  4 kobolds
  3 quokkas
  3 ball pythons
  6 bats
  4 frilled lizards (D:1)
  2 rats
45 creatures vanquished.

Notes
Turn   | Place    | Note
-------+----------+-------------------------------------------
     0 | D:1      | qw the Deep Elf Hunter began the quest for the Orb.
     0 | D:1      | Reached XP level 1. HP: 12/12 MP: 3/3
     0 | D:1      | 0 ||| qw: Version: 0.3-a-22-g0ed2b0b
     0 | D:1      | 0 ||| qw: Game counter: 5280
     0 | D:1      | 0 ||| qw: Melee chars always use a shield: true
     0 | D:1      | 0 ||| qw: God list: Okawaru
     0 | D:1      | 0 ||| qw: Allow faded altars: false
     0 | D:1      | 0 ||| qw: Do Orc after clearing Dungeon:15 true
     0 | D:1      | 0 ||| qw: Do second Lair branch before Depths: true
     0 | D:1      | 0 ||| qw: Lair rune preference: random
     0 | D:1      | 0 ||| qw: Goals: Normal
     0 | D:1      | 0 ||| PLANNING D:1-11
   106 | D:1      | Found a faded altar of an unknown god.
   223 | D:1      | Reached XP level 2. HP: 16/16 MP: 4/4
   230 | D:1      | Reached skill level 6 in Ranged Weapons
   545 | D:1      | Reached XP level 3. HP: 20/20 MP: 5/5
   669 | D:1      | 669 ||| UPGRADING to +0 cloak.
   674 | D:1      | 674 ||| UPGRADING to +0 ring mail.
   684 | D:1      | 684 ||| DROPPING +0 leather armour.
   685 | D:1      | 685 ||| UPGRADING to +0 helmet.
   690 | D:1      | 690 ||| READING 4 scrolls labelled VAUNON JIHOAVI.
   691 | D:1      | 691 ||| READING 3 scrolls of enchant armour.
   691 | D:1      | 691 ||| ENCHANTING +0 helmet.
   692 | D:1      | 692 ||| READING 2 scrolls of enchant armour.
   692 | D:1      | 692 ||| ENCHANTING +1 helmet.
   693 | D:1      | 693 ||| READING scroll of enchant armour.
   693 | D:1      | 693 ||| ENCHANTING +0 cloak.
   694 | D:1      | 694 ||| READING 2 scrolls labelled URIESI TAMPO.
   695 | D:1      | 695 ||| READING 2 scrolls labelled UNOUTU NEAZ.
   699 | D:1      | 699 ||| DRINKING 2 white potions.
   700 | D:1      | 700 ||| DROPPING scroll of butterflies.
   813 | D:2      | Reached skill level 7 in Ranged Weapons
  1105 | D:2      | 1105 ||| FLEEEEING.
  1106 | D:2      | 1106 ||| FLEEEEING.
  1107 | D:2      | 1107 ||| FLEEEEING.
  1108 | D:2      | 1108 ||| FLEEEEING.
  1109 | D:2      | 1109 ||| FLEEEEING.
  1110 | D:2      | 1110 ||| FLEEEEING.
  1111 | D:2      | 1111 ||| FLEEEEING.
  1362 | D:2      | 1362 ||| READING scroll labelled YKIMOPN RULE.
  1363 | D:2      | 1363 ||| READING scroll labelled TYJ POMACE.
  1363 | D:2      | Identified a scroll of acquirement
  1363 | D:2      | 1363 ||| ACQUIRING +0 orcbow of draining
  1363 | D:2      | Acquired a +0 orcbow of draining
  1365 | D:2      | 1365 ||| SWAPPING to +0 orcbow of draining.
  1366 | D:2      | 1366 ||| DROPPING +0 shortbow.
  1368 | D:2      | 1368 ||| Stepping ~*~*~tactically~*~*~ (cloud).
  1368 | D:2      | HP: 5/20 [poisoned by you (poison gas)]
  1369 | D:2      | HP: 2/20 [poisoned by you (poison gas)]
  1370 | D:2      | Succumbed to their own poison gas

Levels and vault maps discovered:
D:1:      dpeg_arrival_tiny_c, layout_loops_ring, ebering_ecumenical_altar_mist,
          hangedman_decor_clover_reticule
D:2:      layout_loops_cross

Skill      XL: |  1  2  3 |
---------------+----------+-----
Ranged Weapons | 6 7 |  7.4
Fighting       | |  1.5
Dodging        | |  2.4
Stealth        | |  1.2

Action                     || total
---------------------------++-------
   Fire: Shortbow          ||   114
    Use: Scroll            ||     8
         Potion            ||     1
 Armour: Leather armour    ||     7
         Ring mail         ||    21
  Dodge: Dodged            ||    36

Table legend:
 A = Non-vault XP
 B = Vault XP
 C = Vault XP percentage of total XP
 D = Non-vault monster count
 E = Vault monster count
 F = Vault count percentage of total count
                 A         B        C        D         E       F
            +---------+---------+-------+---------+---------+-------
      Total |      94 |       0 |   0.0 |      45 |       0 |   0.0
            +---------+---------+-------+---------+---------+-------
        D:1 |      42 |       0 |   0.0 |      24 |       0 |   0.0
        D:2 |      52 |       0 |   0.0 |      21 |       0 |   0.0
            +---------+---------+-------+---------+---------+-------
